 Dungeon Crawl Stone Soup version 0.32-a0-818-gb728d0252e (webtiles) character file.

Game seed: 15807919659342161531

3161 Maxmaps the Mimic (level 9, -1/56 HPs)
             Began as an Octopode Shapeshifter on Mar 25, 2024.
             Was an Initiate of Gozag.
             Slain by a two-headed ogre
             ... wielding a +0 giant club
              (14 damage)
             ... on level 8 of the Dungeon.
             The game lasted 00:10:43 (6607 turns).

Maxmaps the Mimic (Octopode Shapeshifter)           Turns: 6607, Time: 00:10:43

Health: -1/56      AC:  5    Str: 14    XL:     9   Next: 94%
Magic:  9/9        EV: 18    Int: 16    God:    Gozag
Gold:   540        SH:  0    Dex: 11    Spells: 8/8 levels left

rFire   . .          .
                       - Unarmed
rCold   . . .        (shield currently unavailable)
rNeg    . . .        (helmet restricted)
rPois   .            (no amulet)
rElec   .            e - +4 ring of slaying
rCorr   .            m - +4 ring of protection
SInv    .            (no ring)
Will    .....        (no ring)
Stlth   +            (no ring)
HPRegen 0.29/turn    (no ring)
MPRegen 0.11/turn    (no ring)
                     (no ring)

%: no passive effects
@: flux-form, glowing
A: glow, contaminating, almost no armour, amphibious, 8 rings, camouflage 1,
gelatinous body 1, (nimble swimmer 1), tentacles
a: Begin Untransformation, Renounce Religion, Potion Petition, Call Merchant,
Bribe Branch


You were on level 8 of the Dungeon.
You worshipped Gozag.
Gozag was pleased with you.
You were something dangerously unstable.
You visited 2 branches of the dungeon, and saw 9 of its levels.

You collected 605 gold pieces.
You paid 65 gold pieces to Gozag.

Inventory:

Missiles
 j - 2 throwing nets (quivered)
Armour
 l - an orb of guile
Jewellery
 e - a +4 ring of slaying (left tentacle)
 m - a +4 ring of protection (right tentacle)
Talismans
 b - a beast talisman
 c - a flux talisman (active)
 p - a dragon-blood talisman
Wands
 f - a wand of charming (14)
 t - a wand of polymorph (13)
 u - a wand of digging (7)
Scrolls
 d - a scroll of revelation
 i - 5 scrolls of teleportation
 k - a scroll of fear
Potions
 a - a potion of lignification
 g - 8 potions of curing
 h - 3 potions of heal wounds
 n - a potion of might
 o - a potion of resistance
 q - a potion of attraction
 r - a potion of berserk rage {unknown}


   Skills:
 - Level 3.0 Fighting
 - Level 7.0 Dodging
 - Level 3.2 Unarmed Combat
 + Level 10.9 Shapeshifting


You had 8 spell levels left.
You didn't know any spells.
Your spell library contained the following spells:

 Spells                   Type           Power      Damage    Failure   Level
 Sandblast                Erth           0%         2d4       26%         1
 Slow                     Hex            0%         N/A       26%         1
 Cigotuvi's Dreadful Rot  Necr/Alch/Air  0%         N/A       36%         2
 Ensorcelled Hibernation  Hex/Ice        0%         N/A       36%         2
 Confusing Touch          Hex            0%         N/A       58%         3
 Frozen Ramparts          Ice            0%         1d1       58%         3
 Fugue of the Fallen      Necr           0%         N/A       58%         3
 Ozocubu's Armour         Ice            0%         N/A       58%         3
 Stone Arrow              Conj/Erth      0%         3d7       58%         3
 Vampiric Draining        Necr           0%         2d6       58%         3
 Anguish                  Hex/Necr       0%         N/A       94%         4
 Brom's Barrelling Bould  Conj/Erth      0%         2d3       94%         4
 Ignite Poison            Fire/Alch      0%         N/A       94%         4
 Passage of Golubria      Tloc           0%         N/A       94%         4
 Freezing Cloud           Conj/Ice/Air   0%         6-21      100%        5
 Metabolic Englaciation   Hex/Ice        0%         N/A       100%        5
 Silence                  Hex/Air        0%         N/A       100%        5
 Lehudib's Crystal Spear  Conj/Erth      0%         10d2      100%        8


Dungeon Overview and Level Annotations

Branches:
Dungeon (8/15)             Temple (1/1) D:6
   Lair: D:8-11

Altars:
Ashenzari
Cheibriados
Dithmenos
Elyvilon
Fedhas
Gozag
Hepliaklqana
Kikubaaqudgha
Nemelex Xobeh
Okawaru
Qazlal
Ru
Sif Muna
Uskayaw
Vehumet
Wu Jian
Xom
Zin
The Shining One

Annotations:
D:6 2 transporters


Innate Abilities, Weirdness & Mutations

You are something dangerously unstable.
You glow with magical radiation, making you easy to see and hit.
Foes you strike become dangerously contaminated with magical radiation.
You are incapable of wielding weapons or throwing items.
You cannot wear most types of armour.
You are amphibious.
You can wear up to eight rings at the same time.
Your skin changes colour to match your surroundings (Stealth+).
Your rubbery body absorbs attacks. (AC +1, EV +1)
((You are camouflaged when in or above water. (Stealth+)))
You have tentacles for arms and can constrict up to eight enemies at once.


Message History

You kill the orc!
You tentacle-slap the orc.
The orc begins to glow.
You grab the orc. You squeeze the orc, but do no damage.
The orc is moderately wounded.
You constrict the orc.
You kill the orc!
No target in view!
No target in view!
You now have 524 gold pieces (gained 17).
Things that are here:
a +0 flail; a +0 short sword; a +0 trident You now have 540 gold pieces (gained 16).
A two-headed ogre comes into view. It is wielding two +0 giant clubs.
A two-headed ogre is nearby!
A two-headed ogre is nearby!
The two-headed ogre hits you with a +0 giant club!!
The two-headed ogre completely misses you.
You tentacle-slap the two-headed ogre.
The two-headed ogre begins to glow.
You squeeze the two-headed ogre!
The two-headed ogre is moderately wounded.
The two-headed ogre hits you with a +0 giant club.
The two-headed ogre misses you.
You tentacle-slap the two-headed ogre.
The two-headed ogre glows dangerously bright.
The two-headed ogre is moderately wounded.
You tentacle-slap the two-headed ogre.
The two-headed ogre shudders as magic cascades through it!
The two-headed ogre twists and deforms.
The two-headed ogre is heavily wounded.
The two-headed ogre completely misses you.
The two-headed ogre hits you with a +0 giant club!
* * * LOW HITPOINT WARNING * * *
You tentacle-slap the two-headed ogre.
The two-headed ogre begins to glow.
The two-headed ogre is severely wounded.
You completely miss the two-headed ogre.
The two-headed ogre is severely wounded.
The two-headed ogre barely misses you.
The two-headed ogre hits you with a +0 giant club!
You die...
Your body crumbles into a pile of gold.

.. #. # #. #. #.
#..##.## .#
#..#...####...#
#....#..pO....#
#...#####.##
#####.## .#
#.....######.#
#.....#.<....###.#
#.................
#.....#.########..
#.....#.#
###.###.#


You could see a two-headed ogre (contam, misshapen).

Vanquished Creatures
  Jeremiah (D:6)
  Grinder (D:5)
  A wyvern (D:7)
  Eustachio (D:6)
  Duvessa (D:7)
  An ice beast (D:7)
  2 sky beasts (D:7)
  6 black bears
  An orc warrior (D:7)
  2 ogres (D:7)
  A phantom (D:6)
  A bullfrog (D:6)
  4 wights (D:4)
  Dowan (D:7)
  A bombardier beetle (D:7)
  3 howler monkeys
  3 hounds
  4 orc priests
  3 jellies
  A sleepcap (D:7)
  Natasha (twice) (D:4)
  An iguana (D:4)
  5 orc wizards
  3 gnolls (D:4)
  3 adders
  3 white imps (D:7)
  2 ufetubi (D:3)
  A dart slug (D:2)
  A ribbon worm (D:2)
  11 orcs
  3 bats
  14 endoplasms
  3 giant cockroaches
  7 hobgoblins
  4 jackals (D:1)
  4 quokkas
  3 ball pythons
  2 frilled lizards (D:1)
  8 goblins
  5 kobolds
  5 rats
129 creatures vanquished.

Notes
Turn   | Place    | Note
-------+----------+-------------------------------------------
     0 | D:1      | Maxmaps the Octopode Shapeshifter began the quest for the
                  | Orb.
     0 | D:1      | Reached XP level 1. HP: 13/13 MP: 1/1
   306 | D:1      | Reached XP level 2. HP: 16/18 MP: 2/2
   768 | D:1      | Reached XP level 3. HP: 24/25 MP: 3/3
  1272 | D:2      | Found an ornate altar of the Wu Jian Council.
  1386 | D:2      | You fall into a shaft and drop 2 floors!
  1515 | D:4      | Reached XP level 4. HP: 17/31 MP: 4/4
  1824 | D:4      | Reached XP level 5. HP: 33/36 MP: 5/5
  2140 | D:3      | Reached skill level 5 in Dodging
  2140 | D:3      | Reached XP level 6. HP: 33/42 MP: 6/6
  2776 | D:3      | Identified the +2 chain mail of the Quahog {rElec rN+
                  | Regen+}
  2800 | D:3      | Found a faded altar of an unknown god.
  2868 | D:3      | Identified the -1 pair of boots "Orasuumn" {rN++ rCorr
                  | Int+2 Dex+3}
  3213 | D:4      | Noticed Natasha
  3217 | D:4      | Killed Natasha
  3278 | D:4      | Reached XP level 7. HP: 8/46 MP: 7/7
  3689 | D:4      | Noticed Natasha
  3694 | D:4      | Killed Natasha
  3748 | D:5      | Entered Level 5 of the Dungeon
  3817 | D:5      | Reached skill level 4 in Shapeshifting
  3841 | D:5      | Found a snail-covered altar of Cheibriados.
  3892 | D:5      | Noticed Grinder
  3893 | D:5      | Found a shadowy altar of Dithmenos.
  3901 | D:5      | Killed Grinder
  3902 | D:5      | Reached skill level 5 in Shapeshifting
  3902 | D:5      | Reached XP level 8. HP: 47/52 MP: 8/8
  3984 | D:5      | Found an iron altar of Okawaru.
  4188 | D:6      | Noticed Eustachio
  4265 | D:6      | Found a shimmering blue altar of Sif Muna.
  4322 | D:6      | Reached skill level 6 in Shapeshifting
  4357 | D:6      | Found a transporter.
  4372 | D:6      | Found a white marble altar of Elyvilon.
  4374 | D:6      | Found a transporter.
  4377 | D:6      | Noticed Jeremiah
  4398 | D:6      | Killed Jeremiah
  4399 | D:6      | Reached skill level 7 in Shapeshifting
  4794 | D:6      | Reached skill level 8 in Shapeshifting
  4955 | D:6      | Reached XP level 9. HP: 47/56 MP: 9/9
  5140 | D:6      | Found a staircase to the Ecumenical Temple.
  5168 | Temple   | Entered the Ecumenical Temple
  5184 | Temple   | Became a worshipper of Gozag Ym Sagoz the Greedy
  5296 | D:6      | Killed Eustachio
  5318 | D:6      | Reached skill level 9 in Shapeshifting
  5491 | D:7      | Noticed Dowan
  5491 | D:7      | Noticed Duvessa
  5866 | D:7      | Reached skill level 10 in Shapeshifting
  6089 | D:7      | Killed Duvessa
  6091 | D:7      | Killed Dowan
  6599 | D:8      | Noticed a two-headed ogre
  6607 | D:8      | Slain by a two-headed ogre

Illustrated notes

Levels and vault maps discovered:
D:1:      lightli_arrival_isolated_outpost, layout_basic, minmay_distorted
D:2:      layout_basic, basic_altar, grunt_decor_mini_mirrors
D:3:      layout_rooms, hellmonk_ecumenical_altar_slurped_away
D:4:      layout_basic, minmay_goblin_outpost, uniq_natasha
D:5:      layout_basic, kennysheep_mini, mainiacjoe_overflow_tiny_flanked,
          kennysheep_little_box, uniq_grinder
D:6:      layout_basic, nicolae_sif_muna_condensation, elyvilon_altar_4,
          minmay_temple_entry_tees, uniq_jeremiah, uniq_eustachio
D:7:      layout_basic, uniq_duvessa
D:8:      kennysheep_kobold_camp, layout_loops_ring, minivault_12
Temple:   dshaligram_water_room_temple

Skill      XL: |  1  2  3  4  5  6  7  8  9 |
---------------+----------------------------+-----
Fighting       | 2 3 |  3.0
Dodging        | 3 5 6 7 |  7.0
Shapeshifting  | 5 8 10 | 10.9
Unarmed Combat | |  3.2

Action                     |  1- 3 |  4- 6 |  7- 9 || total
---------------------------+-------+-------+-------++-------
  Melee: Unarmed           |    65 |    62 |   154 ||   281
         Constrict         |    16 |    19 |    36 ||    71
         Tentacles         |    10 |    17 |    45 ||    72
         Punch             |     1 |     2 |     7 ||    10
    Use: Scroll            |       |    10 |     6 ||    16
         Potion            |       |       |     2 ||     2
   Stab: Sleeping          |     4 |     3 |     3 ||    10
         Distracted        |       |     1 |       ||     1
 Armour: Skin              |    26 |    28 |   112 ||   166
  Dodge: Dodged            |    31 |    20 |    79 ||   130
   Form: Flux              |       |       |     1 ||     1

Table legend: (Time is in decaauts)
 A = Elapsed time spent in this place.
 B = Non-inter-level travel time spent in this place.
 C = Inter-level travel time spent in this place.
 D = Time resting spent in this place.
 E = Time spent auto-exploring this place.
 F = Levels seen in this place.
 G = Mean time per level.
                   A        B        C        D        E       F      G
               +--------+--------+--------+--------+--------+-----+--------+
         Total |   6584 |   6251 |    333 |    657 |   4634 |   9 |  731.6 |
       Dungeon |   6552 |   6249 |    303 |    657 |   4634 |   8 |  819.0 |
        Temple |     32 |      2 |     30 |      0 |      0 |   1 |   32.0 |
               +--------+--------+--------+--------+--------+-----+--------+

Top non-repeatable levels by time:
     D:4: 1323 daAuts
     D:7: 1155 daAuts
     D:6: 1131 daAuts
     D:2: 976 daAuts
     D:1: 940 daAuts
     D:3: 501 daAuts
     D:5: 487 daAuts
     D:8: 36 daAuts
  Temple: 32 daAuts
